[Event "DVM U14 2024"]
[Site "Heidelberg"]
[Date "2024.12.28"]
[Round "3"]
[White "Aweh, Mads"]
[Black "Schwitkowski, Luka"]
[Result "0-1"]
[ECO "B50"]
[WhiteElo "1663"]
[BlackElo "2070"]
[Annotator "RC"]
[PlyCount "106"]
[EventDate "2024.12.23"]
[EventType "team-tourn"]
[EventRounds "7"]
[EventCountry "GER"]
[SourceTitle "playchess.com"]
[Source "ChessBase"]
[SourceQuality "1"]
[TimeControl "40/5400+30:1800+30"]

1. e4 c5 2. Nf3 d6 3. c3 Nf6 4. Be2 Nc6 5. d4 cxd4 6. cxd4 d5 7. e5 Ne4 8. O-O Bg4 9. Nc3 e6 10. Be3 Be7 11. Nxe4 dxe4 12. Nd2 Bxe2 13. Qxe2 Nxd4 14. Bxd4 Qxd4 15. Qb5+ Qd7 16. Qxd7+ Kxd7 17. Nxe4 Rhd8 18. Rfd1+ Ke8 19. Kf1 Rxd1+ 20. Rxd1 Rd8 21. Rxd8+ Kxd8 22. Ke2 Kc7 23. Kd3 Kc6 24. Kc4 b5+ 25. Kd4 f5 26. exf6 gxf6 27. Kd3 f5 28. Nd2 Kd5 29. f3 Bf6 30. b3 Bg5 31. Nf1 h5 32. Ne3+ Kc5 33. Nc2 Bf6 34. Ke3 Be5 35. h3 h4 36. Kd3 a5 37. Ne3 Bf4 38. Nc2 e5 39. Ne1 Kd5 40. Nc2 Kc5 41. Ne1 Kd5 42. Nc2 Bg5 43. Na3 Kc5 44. Nc2 b4 45. a3 bxa3 46. Nxa3 Kb4 47. Nc4 Bf4 48. Kc2 a4 49. Nd6 axb3+ 50. Kb2 e4 51. fxe4 Be5+ 52. Kb1 Bxd6 53. exf5 Be5 0-1

[Event "DVM U14 2024"]
[Site "Heidelberg"]
[Date "2024.12.28"]
[Round "3"]
[White "Meijers, Jaroslav"]
[Black "Mosch, Cornelius"]
[Result "0-1"]
[ECO "D36"]
[WhiteElo "1663"]
[BlackElo "1405"]
[Annotator "NA RC"]
[PlyCount "120"]
[EventDate "2024.12.23"]
[EventType "team-tourn"]
[EventRounds "7"]
[EventCountry "GER"]
[SourceTitle "playchess.com"]
[Source "ChessBase"]
[SourceQuality "1"]
[TimeControl "40/5400+30:1800+30"]

1. d4 d5 2. c4 e6 3. Nc3 Nf6 4. cxd5 exd5 5. Bg5 Be7 6. e3 O-O 7. Bd3 c6 8. Qc2 h6 9. Bh4 Re8 10. Nf3 Bg4 11. Ne5 Be6 12. O-O Nbd7 13. f4 Nxe5 14. dxe5 Nd7 15. Bxe7 Qxe7 16. f5 Nxe5 17. fxe6 Qxe6 18. Rae1 Re7 19. Nb1 Qd6 20. Nd2 Ng4 21. Nf3 Nxe3 22. Qe2 Rae8 23. Rf2 Ng4 24. Qxe7 Rxe7 25. Rxe7 Qxe7 26. Re2 Qc5+ 27. Kf1 Ne3+ 28. Kf2 Ng4+ 29. Kf1 g6 30. h3 Ne3+ 31. Ke1 Qc1+ 32. Kf2 Nd1+ 33. Kg3 Nxb2 34. Rc2 Qb1 35. Bxg6 fxg6 36. Rc3 Nc4 37. Rb3 Qf5 38. Rxb7 Qc8 39. Re7 Qd8 40. Rb7 d4 41. Kf2 d3 42. Rb1 d2 43. Rd1 Nb2 44. Rxd2 Qb6+ 45. Ke2 c5 46. Ne1 Qe6+ 47. Kf2 Nc4 48. Re2 Qd6 49. Nf3 Na3 50. Rd2 Qb6 51. Ke2 c4 52. Rd1 c3 53. Ne1 Qb2+ 54. Ke3 c2 55. Rd8+ Kf7 56. Nd3 c1=Q+ 57. Nxc1 Qxc1+ 58. Ke4 Qc6+ 59. Kd3 Ke7 60. Rh8 Qc2+ 0-1

[Event "DVM U14 2024"]
[Site "Heidelberg"]
[Date "2024.12.28"]
[Round "3"]
[White "Li, Xiao Teng"]
[Black "Nawrath, Lars"]
[Result "1-0"]
[ECO "E01"]
[WhiteElo "1661"]
[BlackElo "1189"]
[Annotator "NA RC"]
[PlyCount "83"]
[EventDate "2024.12.23"]
[EventType "team-tourn"]
[EventRounds "7"]
[EventCountry "GER"]
[SourceTitle "playchess.com"]
[Source "ChessBase"]
[SourceQuality "1"]
[TimeControl "40/5400+30:1800+30"]

1. c4 Nf6 2. d4 e6 3. Nc3 d5 4. g3 c5 5. e3 Nc6 6. Bg2 cxd4 7. exd4 Be7 8. Nge2 O-O 9. O-O b6 10. b3 Bb7 11. Bb2 Bb4 12. Rc1 Ne7 13. a3 Bxc3 14. Nxc3 Rc8 15. Ne2 Qd7 16. c5 Rc6 17. b4 Qc7 18. b5 Rd6 19. cxd6 Qxd6 20. Rc2 Rd8 21. Qc1 h6 22. Rc7 Bc6 23. Rxc6 Nxc6 24. Qxc6 Qe7 25. Rc1 Rd7 26. Qc3 Ne8 27. Qb4 Qxb4 28. axb4 Nd6 29. Nc3 Nc4 30. Na4 Kf8 31. Bf1 Rc7 32. Ba1 Ke7 33. Nb2 Kd6 34. Nxc4+ dxc4 35. Rxc4 Rd7 36. f3 Kd5 37. Kf2 f5 38. Ke3 g5 39. Rc8 Rh7 40. Rc6 f4+ 41. Kd2 Rc7 42. Bc4# 1-0

[Event "DVM U14 2024"]
[Site "Heidelberg"]
[Date "2024.12.28"]
[Round "3"]
[White "Obermair, Hannes"]
[Black "Blumenthal Tuset, Sebastian"]
[Result "1/2-1/2"]
[ECO "D13"]
[WhiteElo "1653"]
[BlackElo "1732"]
[Annotator "NA RC"]
[PlyCount "130"]
[EventDate "2024.12.23"]
[EventType "team-tourn"]
[EventRounds "7"]
[EventCountry "GER"]
[SourceTitle "playchess.com"]
[Source "ChessBase"]
[SourceQuality "1"]
[TimeControl "40/5400+30:1800+30"]

1. c4 c6 2. d4 d5 3. cxd5 cxd5 4. Nf3 Nf6 5. Nc3 e6 6. e3 a6 7. Bd3 Bd6 8. O-O O-O 9. e4 dxe4 10. Nxe4 Be7 11. h3 Nc6 12. Be3 Nd5 13. a3 b5 14. Rc1 Bb7 15. Bb1 Rc8 16. Qd3 f5 17. Nc5 Bxc5 18. Rxc5 h6 19. Re1 Nf6 20. Ba2 Re8 21. Qxf5 Kh8 22. Bxe6 Ne7 23. Qc2 Be4 24. Rxc8 Nxc8 25. Qxc8 Qd6 26. Ne5 Qxe6 27. Qxe6 Rxe6 28. Rc1 Kh7 29. Rc5 Rd6 30. Kh2 Nd7 31. Nxd7 Rxd7 32. g3 Rf7 33. Kg1 Rf5 34. Rxf5 Bxf5 35. h4 h5 36. Kf1 Kg6 37. Bf4 Bd3+ 38. Ke1 Kf5 39. d5 a5 40. d6 Ke6 41. Kd2 Bc4 42. Kc3 a4 43. Kd4 g6 44. f3 Be2 45. Kc5 Kd7 46. Be5 Bxf3 47. Kxb5 Bd1 48. Kb4 Bc2 49. Kc3 Bb3 50. Bf4 Bd1 51. Kd4 Bb3 52. Ke5 Bd1 53. Bc1 Bb3 54. Bd2 Bd1 55. Bb4 Bb3 56. Kf6 Bc2 57. Kg5 Bd3 58. g4 hxg4 59. Kxg4 Bf5+ 60. Kg5 Bd3 61. Bc5 Bc2 62. Kf6 Bd3 63. Bb4 Bc2 64. Kg5 Bd3 65. Kf6 Bc2 1/2-1/2

[Event "DVM U14 2024"]
[Site "Heidelberg"]
[Date "2024.12.28"]
[Round "3"]
[White "Zabashtanskyi, Andrii"]
[Black "Luccone, Constantin"]
[Result "1-0"]
[ECO "D32"]
[WhiteElo "1644"]
[BlackElo "1567"]
[Annotator "NA RC"]
[PlyCount "79"]
[EventDate "2024.12.23"]
[EventType "team-tourn"]
[EventRounds "7"]
[EventCountry "GER"]
[SourceTitle "playchess.com"]
[Source "ChessBase"]
[SourceQuality "1"]
[TimeControl "40/5400+30:1800+30"]

1. d4 d5 2. c4 e6 3. Nc3 c5 4. e3 Nf6 5. Nf3 Nc6 6. dxc5 Bxc5 7. cxd5 exd5 8. h3 a6 9. Be2 O-O 10. O-O Bf5 11. Bd3 Be6 12. b3 Rc8 13. Bb2 Qe7 14. Qe2 Rfd8 15. Rfd1 b5 16. Rac1 Bb6 17. a4 b4 18. Nb1 a5 19. Nbd2 Rc7 20. Ba6 Na7 21. Rxc7 Qxc7 22. Rc1 Qe7 23. Bd4 Rb8 24. Qd3 Bxd4 25. Nxd4 Bc8 26. Bxc8 Rxc8 27. Rxc8+ Nxc8 28. Qb5 Qc7 29. Qc6 Qd8 30. Nb5 Ne7 31. Qc5 Nd7 32. Qd6 Qe8 33. Nc7 Qc8 34. Nxd5 Nxd5 35. Qxd5 Qc7 36. Nc4 h6 37. Qxa5 Qb8 38. Qd5 Nf6 39. Qd6 Qa8 40. Qxb4 1-0

[Event "DVM U14 2024"]
[Site "Heidelberg"]
[Date "2024.12.28"]
[Round "3"]
[White "Zhu, Timo Kaiheng"]
[Black "Madel, Luca"]
[Result "1/2-1/2"]
[ECO "D00"]
[WhiteElo "1615"]
[BlackElo "1657"]
[Annotator "NA RC"]
[PlyCount "86"]
[EventDate "2024.12.23"]
[EventType "team-tourn"]
[EventRounds "7"]
[EventCountry "GER"]
[SourceTitle "playchess.com"]
[Source "ChessBase"]
[SourceQuality "1"]
[TimeControl "40/5400+30:1800+30"]

1. d4 d5 2. Bf4 Nf6 3. e3 Bf5 4. Bd3 Bg6 5. Bxg6 hxg6 6. Nf3 e6 7. O-O c6 8. Nbd2 Bd6 9. Bxd6 Qxd6 10. h3 Nbd7 11. c4 Ke7 12. cxd5 cxd5 13. Re1 Rh5 14. e4 Nxe4 15. Nxe4 dxe4 16. Rxe4 Nf6 17. Re5 Rxe5 18. dxe5 Qxd1+ 19. Rxd1 Nd5 20. a3 Rc8 21. Nd4 a6 22. g3 g5 23. Rd2 Rc7 24. Nf3 f6 25. Kg2 Rc4 26. exf6+ gxf6 27. Rd4 Rc2 28. Rd2 Rc6 29. Nd4 Rc4 30. Nf3 b5 31. Rd4 Nb6 32. Rd3 Rc2 33. Rd2 Rc4 34. Rd3 e5 35. Rd2 g4 36. hxg4 Rxg4 37. b3 Rg8 38. Rc2 Rc8 39. Rxc8 Nxc8 40. g4 Ke6 41. Nd2 Nd6 42. Kf3 a5 43. Ne4 Nb7 1/2-1/2

[Event "DVM U14 2024"]
[Site "Heidelberg"]
[Date "2024.12.28"]
[Round "3"]
[White "Belenki, Janis"]
[Black "Yan, Haichen"]
[Result "0-1"]
[ECO "D02"]
[WhiteElo "1611"]
[BlackElo "1732"]
[Annotator "NA RC"]
[PlyCount "72"]
[EventDate "2024.12.23"]
[EventType "team-tourn"]
[EventRounds "7"]
[EventCountry "GER"]
[SourceTitle "playchess.com"]
[Source "ChessBase"]
[SourceQuality "1"]
[TimeControl "40/5400+30:1800+30"]

1. d4 Nf6 2. Nf3 e6 3. Bf4 d5 4. e3 c5 5. Nbd2 Nc6 6. c3 Bd6 7. Bg3 O-O 8. Bd3 Re8 9. Ne5 c4 10. Bc2 Qc7 11. Ndf3 Nd7 12. Nxd7 Bxd7 13. Bxh7+ Kxh7 14. Ng5+ Kg6 15. Qg4 f5 16. Nxe6+ fxg4 17. Nxc7 Bxc7 18. Bxc7 Bf5 19. Kd2 Rac8 20. Bf4 Kf6 21. b3 g5 22. Bg3 b5 23. b4 Be4 24. Rhg1 Ne7 25. a4 a6 26. axb5 axb5 27. Ra6+ Kf7 28. f3 gxf3 29. gxf3 Bxf3 30. Rf1 g4 31. h3 Ra8 32. Ra5 Rxa5 33. bxa5 Ke6 34. hxg4 Bxg4 35. Be5 Kd7 36. Rf6 Be6 0-1

[Event "DVM U14 2024"]
[Site "Heidelberg"]
[Date "2024.12.28"]
[Round "3"]
[White "Schirmer, Enias"]
[Black "Maier, Kalle"]
[Result "1/2-1/2"]
[ECO "B33"]
[WhiteElo "1594"]
[BlackElo "1673"]
[Annotator "NA RC"]
[PlyCount "87"]
[EventDate "2024.12.23"]
[EventType "team-tourn"]
[EventRounds "7"]
[EventCountry "GER"]
[SourceTitle "playchess.com"]
[Source "ChessBase"]
[SourceQuality "1"]
[TimeControl "40/5400+30:1800+30"]

1. e4 c5 2. Nf3 Nc6 3. d4 cxd4 4. Nxd4 e5 5. Nf3 Nf6 6. Nc3 Bb4 7. Bg5 d6 8. Bb5 Bxc3+ 9. bxc3 O-O 10. O-O Bg4 11. Qd3 Qe7 12. h3 Bh5 13. Nh4 Bg6 14. Nxg6 hxg6 15. Rfd1 Rfd8 16. Rab1 Rac8 17. Bc4 Qc7 18. Bd5 Rd7 19. Bxf6 gxf6 20. Rb2 b6 21. c4 Ne7 22. Rc1 Nxd5 23. cxd5 Qc4 24. Qxc4 Rxc4 25. f3 Rdc7 26. Kf2 g5 27. Ke2 Kg7 28. Kd2 Kg6 29. g4 Kg7 30. Rb3 Kf8 31. c3 Ke7 32. Rb4 Kd7 33. Rc2 Rc8 34. Kd3 Rxb4 35. cxb4 Rh8 36. Rh2 b5 37. a3 Kc7 38. Kc3 Kb6 39. Kb3 a5 40. Kb2 axb4 41. axb4 Rc8 42. Rc2 Rc4 43. Kb3 Rxc2 44. Kxc2 1/2-1/2

[Event "DVM U14 2024"]
[Site "Heidelberg"]
[Date "2024.12.28"]
[Round "3"]
[White "Nguyen, Bach Khoi"]
[Black "Retzlaff, Nick"]
[Result "1/2-1/2"]
[ECO "B90"]
[WhiteElo "1590"]
[BlackElo "1979"]
[Annotator "NA RC"]
[PlyCount "71"]
[EventDate "2024.12.23"]
[EventType "team-tourn"]
[EventRounds "7"]
[EventCountry "GER"]
[SourceTitle "playchess.com"]
[Source "ChessBase"]
[SourceQuality "1"]
[TimeControl "40/5400+30:1800+30"]

1. e4 c5 2. Nf3 d6 3. d4 cxd4 4. Nxd4 Nf6 5. Nc3 a6 6. Be3 e5 7. Nb3 Be6 8. f3 Be7 9. Qd2 O-O 10. O-O-O b5 11. g4 Nbd7 12. Kb1 Nb6 13. Bxb6 Qxb6 14. h4 d5 15. g5 d4 16. Ne2 Nh5 17. f4 Nxf4 18. Nxf4 exf4 19. Qxf4 Bxb3 20. cxb3 Rac8 21. Bd3 f6 22. Qg4 Rc5 23. gxf6 Bxf6 24. Rhg1 Qd6 25. Rdf1 Kh8 26. Rc1 Rxc1+ 27. Rxc1 Rd8 28. Qf5 Qd7 29. Qh5 Qe8 30. Qg4 Qd7 31. Qxd7 Rxd7 32. Rc6 Bxh4 33. Rxa6 b4 34. Rb6 Be7 35. e5 g6 36. Kc2 1/2-1/2

[Event "DVM U14 2024"]
[Site "Heidelberg"]
[Date "2024.12.28"]
[Round "3"]
[White "Roessler, Leo"]
[Black "Mohylnyi, Stepan"]
[Result "0-1"]
[ECO "C18"]
[WhiteElo "1589"]
[BlackElo "2180"]
[Annotator "RC"]
[PlyCount "110"]
[EventDate "2024.12.23"]
[EventType "team-tourn"]
[EventRounds "7"]
[EventCountry "GER"]
[SourceTitle "playchess.com"]
[Source "ChessBase"]
[SourceQuality "1"]
[TimeControl "40/5400+30:1800+30"]

1. e4 e6 2. d4 d5 3. Nc3 Bb4 4. e5 c5 5. a3 Bxc3+ 6. bxc3 Ne7 7. f4 Nbc6 8. Nf3 Bd7 9. Bd3 c4 10. Be2 Qa5 11. Bd2 O-O-O 12. Qc1 Qa4 13. Qb2 f6 14. Rb1 b6 15. O-O Be8 16. Nh4 Bg6 17. Nxg6 hxg6 18. Bg4 Nf5 19. Bxf5 gxf5 20. Qb5 Qxb5 21. Rxb5 fxe5 22. fxe5 Rh5 23. g3 g5 24. Rf2 Kb7 25. a4 Nb8 26. Rb1 Ka6 27. Rb5 Nc6 28. Be3 Ne7 29. Rg2 Rf8 30. g4 fxg4 31. Rxg4 Nf5 32. Bf2 Rg8 33. Rb1 Rh3 34. Rc1 Rgh8 35. Rg2 Rxc3 36. Rxg5 Rch3 37. Rg2 Ka5 38. Ra1 Kb4 39. Be1+ c3 40. Bf2 Kc4 41. a5 b5 42. a6 Ne3 43. Bxe3 Rxe3 44. Rg7 Re2 45. Rxa7 Rexh2 46. Ra2 R2h6 47. Rb7 Rg6+ 48. Kf2 Kxd4 49. Rf7 Kxe5 50. a7 Ra8 51. Rb7 Rf8+ 52. Ke2 Rg2+ 53. Ke1 Rgg8 54. Rxb5 Ke4 55. Rb6 Kf3 0-1

[Event "DVM U14 2024"]
[Site "Heidelberg"]
[Date "2024.12.28"]
[Round "3"]
[White "Spielvogel, Oliver"]
[Black "Yang, Sophie"]
[Result "1/2-1/2"]
[ECO "D02"]
[WhiteElo "1543"]
[BlackElo "1547"]
[Annotator "NA"]
[PlyCount "116"]
[EventDate "2024.12.23"]
[EventType "team-tourn"]
[EventRounds "7"]
[EventCountry "GER"]
[SourceTitle "playchess.com"]
[Source "ChessBase"]
[SourceQuality "1"]
[TimeControl "40/5400+30:1800+30"]

1. d4 d5 2. Nf3 Nf6 3. Bf4 c5 4. e3 Nc6 5. c3 e6 6. Bd3 Be7 7. O-O O-O 8. Nbd2 h6 9. h3 cxd4 10. exd4 a6 11. Ne5 Bd7 12. Ndf3 b5 13. Rc1 b4 14. Nxc6 Bxc6 15. cxb4 Qb6 16. Ne5 Bb5 17. Bxb5 Qxb5 18. a3 Rfc8 19. Rc3 Ne4 20. Rc2 Rab8 21. Qc1 Rxc2 22. Qxc2 Bf6 23. f3 Ng5 24. Qc3 Bxe5 25. Bxe5 Rd8 26. Kf2 f6 27. Bf4 Nf7 28. Re1 e5 29. dxe5 d4 30. Qc5 fxe5 31. Qxb5 axb5 32. Bxe5 d3 33. Bc3 Nd6 34. b3 Rc8 35. Bd2 Nf5 36. Re5 Rc2 37. Ke1 Nh4 38. Rd5 Nxg2+ 39. Kd1 Ra2 40. Rxd3 Rxa3 41. Rd4 Rxb3 42. Ke2 g5 43. Rd5 Nh4 44. Rxb5 Nxf3 45. Rd5 Nxd2 46. Rxd2 Rxb4 47. Rd3 Rh4 48. Kf2 Kf7 49. Kg3 Kf6 50. Rf3+ Ke5 51. Re3+ Kd4 52. Ra3 Ke5 53. Re3+ Kf5 54. Rf3+ Rf4 55. Ra3 Ke4 56. Ra4+ Ke3 57. Ra3+ Ke4 58. Ra4+ Ke3 1/2-1/2

[Event "DVM U14 2024"]
[Site "Heidelberg"]
[Date "2024.12.28"]
[Round "3"]
[White "Draxler, Henning"]
[Black "Laube, Karl"]
[Result "1-0"]
[ECO "C05"]
[WhiteElo "1480"]
[BlackElo "1635"]
[Annotator "NA"]
[PlyCount "107"]
[EventDate "2024.12.23"]
[EventType "team-tourn"]
[EventRounds "7"]
[EventCountry "GER"]
[SourceTitle "playchess.com"]
[Source "ChessBase"]
[SourceQuality "1"]
[TimeControl "40/5400+30:1800+30"]

1. e4 e6 2. d4 d5 3. Nd2 Nf6 4. e5 Nfd7 5. Ngf3 c5 6. c3 Nc6 7. b3 Qb6 8. Bb2 Be7 9. Be2 O-O 10. O-O a5 11. Qc2 f6 12. Bd3 h6 13. Bh7+ Kh8 14. Nh4 f5 15. Nxf5 exf5 16. Bxf5 Bg5 17. f4 Be7 18. Qd3 cxd4 19. cxd4 Nb4 20. Qh3 Qd8 21. Qh5 Nb6 22. Bb1 Qe8 23. Bg6 Qd7 24. f5 Nc2 25. Rac1 Ne3 26. Rf3 Rxf5 27. Bxf5 Nxf5 28. Rcf1 Qc6 29. Rc1 Qd7 30. Qh3 Bg5 31. Rcf1 Qe8 32. Nb1 Kh7 33. Rxf5 Bxf5 34. Qxf5+ Kg8 35. e6 Qf8 36. Ba3 Qf6 37. e7 Re8 38. Qd3 Qxf1+ 39. Qxf1 Bxe7 40. Bxe7 Rxe7 41. Nc3 Rc7 42. Qf3 Rd7 43. Qg4 Rd6 44. Qh5 Rd8 45. Qf5 Rd6 46. Qe5 Rd8 47. Qe6+ Kh7 48. Qxb6 Rc8 49. Nxd5 Rc1+ 50. Kf2 Rc2+ 51. Ke3 Rxa2 52. Qxb7 Rxg2 53. Qf7 Rxh2 54. Nf6+ 1-0

[Event "DVM U14 2024"]
[Site "Heidelberg"]
[Date "2024.12.28"]
[Round "3"]
[White "Popitz, Paul"]
[Black "Splitt, Albert"]
[Result "0-1"]
[ECO "C50"]
[WhiteElo "1449"]
[BlackElo "1571"]
[Annotator "NA"]
[PlyCount "112"]
[EventDate "2024.12.23"]
[EventType "team-tourn"]
[EventRounds "7"]
[EventCountry "GER"]
[SourceTitle "playchess.com"]
[Source "ChessBase"]
[SourceQuality "1"]
[TimeControl "40/5400+30:1800+30"]

1. e4 e5 2. Nf3 Nc6 3. Bc4 Bc5 4. O-O d6 5. a4 a6 6. c3 Bg4 7. d4 exd4 8. Bxf7+ Kf8 9. Bg5 Bxf3 10. Qc1 Qd7 11. Qf4 Qxf7 12. Qxf3 Qxf3 13. gxf3 Ne5 14. Kg2 h6 15. Bf4 Nd3 16. Bc1 Nf6 17. Rd1 Nxc1 18. Rxc1 Nh5 19. cxd4 Nf4+ 20. Kf1 Bxd4 21. Rxc7 Rb8 22. Ra2 Ne6 23. Rc4 Ke7 24. b4 Rhc8 25. Rac2 Kd7 26. b5 Rxc4 27. Rxc4 Rc8 28. Rb4 a5 29. Rb3 b6 30. Ke2 Nf4+ 31. Kd2 Bxf2 32. Nc3 Rc4 33. Ra3 Bc5 34. Ra2 Bb4 35. Ke3 Bxc3 36. Kxf4 Bf6 37. Kf5 Rc3 38. f4 Rc5+ 39. Kg4 Ke6 40. Kf3 h5 41. Kg2 Rc3 42. Kf2 Bd4+ 43. Kg2 Re3 44. e5 dxe5 45. fxe5 Kxe5 46. Kf1 Rf3+ 47. Kg2 Kf4 48. Rd2 Ke4 49. Rxd4+ Kxd4 50. Kxf3 g5 51. h3 g4+ 52. hxg4 hxg4+ 53. Kxg4 Kc4 54. Kf4 Kb4 55. Ke4 Kxa4 56. Kd5 Kxb5 0-1

[Event "DVM U14 2024"]
[Site "Heidelberg"]
[Date "2024.12.28"]
[Round "3"]
[White "Petzold, Gustav"]
[Black "Kovalenko, Andrii"]
[Result "0-1"]
[ECO "C47"]
[WhiteElo "935"]
[BlackElo "1211"]
[Annotator "NA"]
[PlyCount "86"]
[EventDate "2024.12.23"]
[EventType "team-tourn"]
[EventRounds "7"]
[EventCountry "GER"]
[SourceTitle "playchess.com"]
[Source "ChessBase"]
[SourceQuality "1"]
[TimeControl "40/5400+30:1800+30"]

1. e4 e5 2. Nf3 Nc6 3. d4 exd4 4. Nxd4 Nf6 5. Nc3 Bb4 6. Bg5 h6 7. Nxc6 bxc6 8. Bxf6 Qxf6 9. Qd2 Bxc3 10. Qxc3 Qxc3+ 11. bxc3 O-O 12. Bc4 Re8 13. f3 d5 14. Bd3 dxe4 15. fxe4 Bf5 16. O-O Bxe4 17. Rfe1 Bd5 18. c4 Rxe1+ 19. Rxe1 Be6 20. Rb1 Bc8 21. Re1 Ba6 22. c5 Bxd3 23. cxd3 Kf8 24. Kf2 Rd8 25. Rd1 Rd5 26. d4 Ke7 27. Ke3 Rh5 28. h3 Rg5 29. Re1 Ke6 30. h4 Rg6 31. Kf3+ Kd5 32. Re7 Rf6+ 33. Kg3 Kxd4 34. Rxc7 Kxc5 35. Rxa7 Kb6 36. Ra4 c5 37. Rc4 Kb5 38. Rc2 c4 39. a3 Ra6 40. Rc3 Kc5 41. Kf4 Kd4 42. Rh3 c3 43. Rh1 c2 0-1

[Event "DVM U14 2024"]
[Site "Heidelberg"]
[Date "2024.12.28"]
[Round "4"]
[White "Mohylnyi, Stepan"]
[Black "Aweh, Mads"]
[Result "1/2-1/2"]
[ECO "B33"]
[WhiteElo "2180"]
[BlackElo "1663"]
[Annotator "RC"]
[PlyCount "79"]
[EventDate "2024.12.23"]
[EventType "team-tourn"]
[EventRounds "7"]
[EventCountry "GER"]
[SourceTitle "playchess.com"]
[Source "ChessBase"]
[SourceQuality "1"]
[TimeControl "40/5400+30:1800+30"]

1. e4 c5 2. Nf3 Nc6 3. d4 cxd4 4. Nxd4 Nf6 5. Nc3 e5 6. Ndb5 d6 7. Nd5 Nxd5 8. exd5 Ne7 9. c4 Ng6 10. c5 a6 11. Nxd6+ Bxd6 12. cxd6 Qxd6 13. Be3 Bf5 14. Rc1 Qb4+ 15. Qd2 Qxd2+ 16. Bxd2 Kd7 17. Bc4 Rhc8 18. O-O Rxc4 19. Rxc4 Bd3 20. Rb4 Bxf1 21. Rxb7+ Kc8 22. Rxf7 Bc4 23. Rxg7 Bxd5 24. Ba5 Kb8 25. Bc7+ Kb7 26. Bxe5+ Kc6 27. Bg3 Re8 28. f3 Re7 29. Rxe7 Nxe7 30. a3 Nf5 31. Be5 a5 32. Kf2 a4 33. Bf6 Kd7 34. g4 Ke6 35. Bc3 Nd6 36. Ke3 Bb3 37. f4 Bd1 38. h3 h5 39. f5+ Nxf5+ 40. gxf5+ 1/2-1/2

[Event "DVM U14 2024"]
[Site "Heidelberg"]
[Date "2024.12.28"]
[Round "4"]
[White "Schwitkowski, Luka"]
[Black "Marcziter, Alex"]
[Result "0-1"]
[ECO "E71"]
[WhiteElo "2070"]
[BlackElo "2017"]
[Annotator "NA RC"]
[PlyCount "64"]
[EventDate "2024.12.23"]
[EventType "team-tourn"]
[EventRounds "7"]
[EventCountry "GER"]
[SourceTitle "playchess.com"]
[Source "ChessBase"]
[SourceQuality "1"]
[TimeControl "40/5400+30:1800+30"]

1. d4 Nf6 2. c4 g6 3. Nc3 Bg7 4. e4 d6 5. h3 O-O 6. Be3 e5 7. d5 a5 8. Qd2 Na6 9. g4 Nc5 10. f3 Nfd7 $16 (10... c6 $1 $11) 11. h4 f5 12. exf5 gxf5 13. gxf5 Nb6 14. Bd3 Bxf5 15. Ne4 Bxe4 16. fxe4 a4 17. O-O-O Kh8 18. Ne2 Rf3 19. h5 Nxd3+ 20. Qxd3 Bh6 21. Bxh6 Rxd3 22. Rxd3 Qf6 23. Bd2 Nxc4 24. Ng3 Nxd2 25. Kxd2 Qg5+ 26. Kc3 Ra5 27. Rf1 Rc5+ 28. Kb4 Rc2 29. Ka3 Rg2 30. h6 Qxh6 31. Nf5 Qh2 32. Rff3 Rxb2 0-1

[Event "DVM U14 2024"]
[Site "Heidelberg"]
[Date "2024.12.28"]
[Round "4"]
[White "Mandalka, Justus"]
[Black "Rodriguez Klasen, Ennio"]
[Result "1/2-1/2"]
[ECO "B32"]
[WhiteElo "2059"]
[BlackElo "1870"]
[Annotator "NA RC"]
[PlyCount "61"]
[EventDate "2024.12.23"]
[EventType "team-tourn"]
[EventRounds "7"]
[EventCountry "GER"]
[SourceTitle "playchess.com"]
[Source "ChessBase"]
[SourceQuality "1"]
[TimeControl "40/5400+30:1800+30"]

1. e4 c5 2. Nf3 Nc6 3. d4 cxd4 4. Nxd4 e5 5. Nb5 d6 6. N1c3 a6 7. Na3 Be7 8. Be3 b5 9. Nd5 Rb8 10. c4 b4 11. Nc2 Nf6 $14 12. Nxf6+ Bxf6 13. c5 dxc5 14. Qxd8+ Bxd8 15. Bxc5 Be7 16. Bxe7 Kxe7 17. Bc4 Rd8 18. Bd5 Na5 19. O-O-O Be6 20. b3 Rb5 21. Ne3 Nc6 22. Bxc6 Rc5+ 23. Kb2 Rxd1 24. Rxd1 Rxc6 25. Rc1 Rxc1 26. Kxc1 Kd6 27. Kc2 Kc5 28. Kd3 h5 29. h4 g6 30. g3 f5 31. f3 1/2-1/2

[Event "DVM U14 2024"]
[Site "Heidelberg"]
[Date "2024.12.28"]
[Round "4"]
[White "Li, Yunqi"]
[Black "Klein, Levent"]
[Result "1-0"]
[ECO "D15"]
[WhiteElo "1990"]
[BlackElo "1985"]
[Annotator "RC"]
[PlyCount "81"]
[EventDate "2024.12.23"]
[EventType "team-tourn"]
[EventRounds "7"]
[EventCountry "GER"]
[SourceTitle "playchess.com"]
[Source "ChessBase"]
[SourceQuality "1"]
[TimeControl "40/5400+30:1800+30"]

1. d4 d5 2. c4 c6 3. Nc3 Nf6 4. Nf3 Bf5 5. cxd5 Nxd5 6. Qb3 Qb6 7. Qxb6 Nxb6 8. e3 e6 9. Be2 Be7 10. O-O O-O 11. h3 h6 12. Ne5 Rd8 13. b3 N8d7 14. Nc4 Nd5 15. Bb2 Nxc3 16. Bxc3 Nf6 17. Bb2 Rac8 18. Rac1 Rc7 19. Ba3 Bxa3 20. Nxa3 Re7 21. Nc4 Ne4 22. Bf3 Ng5 23. Be2 Ne4 24. b4 Nd6 25. Nxd6 Rxd6 26. Bf3 Bd3 27. Rfd1 Bb5 28. Rc5 Rd8 29. Ra1 b6 30. Rc3 Ba4 31. Rac1 Rc7 32. Be2 Rdc8 33. Ba6 Rd8 34. b5 Rdd7 35. Rc4 c5 36. Rxa4 cxd4 37. Rxc7 Rxc7 38. Rxd4 Rc1+ 39. Kh2 Rc2 40. Kg3 Kf8 41. Rd7 1-0

[Event "DVM U14 2024"]
[Site "Heidelberg"]
[Date "2024.12.28"]
[Round "4"]
[White "Retzlaff, Nick"]
[Black "Arne, Jonas"]
[Result "1/2-1/2"]
[ECO "B28"]
[WhiteElo "1979"]
[BlackElo "1823"]
[Annotator "RC"]
[PlyCount "100"]
[EventDate "2024.12.23"]
[EventType "team-tourn"]
[EventRounds "7"]
[EventCountry "GER"]
[SourceTitle "playchess.com"]
[Source "ChessBase"]
[SourceQuality "1"]
[TimeControl "40/5400+30:1800+30"]

1. e4 c5 2. Nf3 a6 3. d4 cxd4 4. Nxd4 Nf6 5. Nc3 e5 6. Nb3 Bb4 7. Bd2 d6 8. Bd3 O-O 9. O-O Bxc3 10. Bxc3 Nbd7 11. f4 b6 12. Qe2 Bb7 13. Rad1 Qe7 14. a3 Rfe8 15. Rde1 Nf8 16. Qe3 Qc7 17. Qg3 Nh5 18. Qg4 Nf6 19. Qg3 Ng6 20. fxe5 dxe5 21. h4 Qc6 22. Rf5 Bc8 23. Rf3 Nh5 24. Qf2 Nhf4 25. Nd2 b5 26. Rg3 Qf6 27. Nf3 h6 28. Nxe5 Nxe5 29. Bxe5 Qxe5 30. Rf1 Bb7 31. Qxf4 Qxf4 32. Rxf4 Re5 33. Rgf3 f6 34. Kf2 Rae8 35. Ke3 Kf7 36. g4 Kg6 37. Rf5 Bc8 38. Rxe5 Rxe5 39. Kf4 h5 40. gxh5+ Kxh5 41. Rg3 Re7 42. Be2+ Kxh4 43. Rg6 Bd7 44. c3 Bc8 45. Bf3 Bd7 46. Be2 Bc8 47. Bf3 Bd7 48. Bg4 Bxg4 49. Rxg4+ Kh5 50. Rg2 Kh6 1/2-1/2

[Event "DVM U14 2024"]
[Site "Heidelberg"]
[Date "2024.12.28"]
[Round "4"]
[White "Hempel, Lorenz"]
[Black "Ensslen, Jakob"]
[Result "1-0"]
[ECO "B76"]
[WhiteElo "1960"]
[BlackElo "1714"]
[Annotator "NA RC"]
[PlyCount "65"]
[EventDate "2024.12.23"]
[EventType "team-tourn"]
[EventRounds "7"]
[EventCountry "GER"]
[SourceTitle "playchess.com"]
[Source "ChessBase"]
[SourceQuality "1"]
[TimeControl "40/5400+30:1800+30"]

1. e4 c5 2. Nf3 d6 3. d4 cxd4 4. Nxd4 Nf6 5. Nc3 g6 6. f3 Bg7 7. Be3 O-O 8. Qd2 Nc6 9. g4 Be6 10. O-O-O Qa5 11. a3 Nxd4 12. Bxd4 a6 13. Kb1 (13. h4 $14) 13... b5 14. Nd5 Qd8 $16 15. h4 Rb8 16. h5 Bxd5 17. exd5 a5 18. Qh2 h6 19. f4 Nxg4 20. Qg3 f5 21. Bxg7 Kxg7 22. Be2 Qd7 23. Rh4 g5 24. fxg5 hxg5 25. h6+ Kg6 26. Bxg4 fxg4 27. Rxg4 Qf5 28. Rg1 Kf7 29. Rxg5 Qf6 30. h7 Rh8 31. Rg8 Re8 32. Rxh8 Qxh8 33. Qg6+ 1-0